 Dungeon Crawl Stone Soup version 0.30.0-5-g1a98f26d00 (webtiles) character file.

Game seed: 18003630122728765673

529 Leibowitz the Ruffian (level 7, -1/67 HPs)
             Began as a Troll Fighter on May 11, 2023.
             Slain by a gnoll
             ... wielding a +0 whip
             ... led by a gnoll bouda
              (5 damage)
             ... on level 5 of the Dungeon.
             The game lasted 00:07:13 (3416 turns).

Leibowitz the Ruffian (Troll Fighter)               Turns: 3416, Time: 00:07:13

Health: -1/67      AC:  5    Str: 27    XL:     7   Next: 3%
Magic:  6/6        EV: 10    Int:  4    God:
Gold:   197        SH:  0    Dex:  9    Spells: 6/6 levels left

rFire   . .          .
                       - Unarmed
rCold   . . .        (no shield)
rNeg    . . .        a - +0 robe
rPois   .            (helmet restricted)
rElec   .            f - +0 cloak {Will+}
rCorr   .            (gloves unavailable)
SInv    .            (boots unavailable)
Will    +....        (no amulet)
Stlth   +            (no ring)
HPRegen 1.11/turn    (no ring)
MPRegen 0.10/turn

%: no passive effects
@: weakened, on berserk cooldown, slowed, very slow
A: large, unfitting armour, claws 3, regeneration 1, shaggy fur 1, tough skin 1
a: no special abilities


You were on level 5 of the Dungeon.
You visited 1 branch of the dungeon, and saw 5 of its levels.

You collected 197 gold pieces.

Inventory:

Armour
 a - a +0 robe (worn)
 f - a +0 cloak of willpower (worn)
Scrolls
 g - a scroll of identify {unknown}
 j - 2 scrolls of immolation {unknown}
 k - a scroll of poison {unknown}
 l - a scroll of fear {unknown}
 n - a scroll of fog {unknown}
Potions
 b - a potion of curing {unknown}
 c - a potion of might
 e - a potion of resistance {unknown}
 h - 2 potions of haste {unknown}
 i - a potion of attraction {unknown}
 m - 2 potions of degeneration {unknown}


   Skills:
 * Level 3.3 Fighting
 + Level 3.5 Dodging
 + Level 0.8 Stealth
 - Level 2.6 Shields
 * Level 6.1 Unarmed Combat


You had 6 spell levels left.
You didn't know any spells.
Your spell library contained the following spells:

 Spells                   Type           Power      Damage    Failure   Level
 Apportation              Tloc           0%         N/A       50%         1
 Necrotise                Necr           0%         1d4       50%         1
 Summon Small Mammal      Summ           0%         N/A       50%         1
 Stone Arrow              Conj/Erth      0%         3d7       86%         3
 Animate Armour           Summ/Erth      0%         N/A       99%         4
 Malign Gateway           Summ/Tloc      0%         N/A       100%        7
 Lehudib's Crystal Spear  Conj/Erth      0%         10d2      100%        8
 Summon Horrible Things   Summ           0%         N/A       100%        8


Dungeon Overview and Level Annotations

Branches:
Dungeon (5/15)
 Temple: D:4-7

Altars:
Okawaru
Qazlal
Sif Muna
Trog
Wu Jian
Yredelemnul
Zin
The Shining One

Shops:
D:1 [*=[


Innate Abilities, Weirdness & Mutations

You are too large for most types of armour.
You have claws for hands.
Your natural rate of healing is unusually fast.
You are covered in fur. (AC +1)
You have tough skin. (AC +1)


Message History

Things that are here:
a +0 spear; a gnoll corpse You claw the gnoll!
The gnoll is almost dead.
The gnoll hits you but does no damage. The gnoll barely misses you.
You claw the gnoll!
You kill the gnoll!
The gnoll bouda gazes fiercely through you!
You feel as though you will be weak longer.
You mangle the gnoll!!
You kill the gnoll!
You have reached level 7!
You claw the gnoll!
You kill the gnoll!
You barely miss the gnoll. The gnoll closely misses you.
You closely miss the gnoll.
You are no longer berserk.
You are exhausted.
You feel yourself slow down.
The gnoll hits you from afar with a +0 spear.
* * * LOW HITPOINT WARNING * * *
The gnoll bouda hits you with a +0 club.
* * * LOW HITPOINT WARNING * * *
The gnoll bouda attacks as you move away!
The gnoll bouda closely misses you. The gnoll attacks as you move away!
The gnoll closely misses you.
The gnoll bouda is no longer moving quickly.
The gnoll hits you but does no damage.
Items here: )) [ †.
The gnoll closely misses you.
The gnoll hits you from afar with a +0 spear.
* * * LOW HITPOINT WARNING * * *
You scratch the gnoll but do no damage. The gnoll hits you with a +0 whip.
* * * LOW HITPOINT WARNING * * *
The gnoll hits you from afar with a +0 spear.
* * * LOW HITPOINT WARNING * * *
You claw the gnoll!
The gnoll is severely wounded.
The gnoll is no longer moving quickly.
The gnoll hits you with a +0 whip.
You die...

#########
........# #@# #g#
##g# #####og#
#.....##
#.....### ##
#.......##...
####............
........<........


You could see a gnoll bouda, 2 gnolls and an orc.

Vanquished Creatures
  An ogre (D:3)
  A phantom (D:4)
  An orc priest (D:3)
  A gnoll bouda (D:5)
  2 iguanas (D:4)
  An orc wizard (D:3)
  7 gnolls (D:5)
  7 adders
  2 dart slugs
  11 orcs
  8 endoplasms
  2 giant cockroaches
  8 goblins
  11 hobgoblins
  5 jackals
  4 quokkas
  5 ball pythons
  4 bats
  7 frilled lizards
  4 kobolds
  4 rats
96 creatures vanquished.

Notes
Turn   | Place    | Note
-------+----------+-------------------------------------------
     0 | D:1      | Leibowitz the Troll Fighter began the quest for the Orb.
     0 | D:1      | Reached XP level 1. HP: 22/22 MP: 0/0
    17 | D:1      | Found Qeiloado's Jewellery Shoppe.
    18 | D:1      | Found Vaheiwuu's General Store.
   197 | D:1      | Reached XP level 2. HP: 29/29 MP: 1/1
   233 | D:1      | Found Ekkotwu's Armour Shoppe.
   481 | D:1      | Found Pyugabaf's Armour Boutique.
   751 | D:1      | Reached XP level 3. HP: 34/36 MP: 2/2
   935 | D:2      | Found a glowing golden altar of the Shining One.
  1240 | D:2      | Reached skill level 3 in Unarmed Combat
  1373 | D:3      | Reached XP level 4. HP: 43/44 MP: 3/3
  1374 | D:3      | Found an ornate altar of the Wu Jian Council.
  1712 | D:3      | Reached skill level 4 in Unarmed Combat
  1712 | D:3      | Reached XP level 5. HP: 10/53 MP: 4/4
  1783 | D:3      | Found a basalt altar of Yredelemnul.
  1873 | D:3      | Noticed an ogre
  1881 | D:3      | Killed an ogre
  2083 | D:4      | Noticed a phantom
  2090 | D:4      | Killed a phantom
  2091 | D:4      | Reached skill level 5 in Unarmed Combat
  2091 | D:4      | Reached XP level 6. HP: 58/61 MP: 5/5
  2440 | D:4      | Found a glowing silver altar of Zin.
  2794 | D:4      | Found a bloodstained altar of Trog.
  2794 | D:4      | Found an iron altar of Okawaru.
  2937 | D:4      | Found a stormy altar of Qazlal.
  3369 | D:5      | Entered Level 5 of the Dungeon
  3369 | D:5      | Found a shimmering blue altar of Sif Muna.
  3401 | D:5      | Reached skill level 6 in Unarmed Combat
  3410 | D:5      | Reached XP level 7. HP: 18/67 MP: 6/6
  3415 | D:5      | HP: 3/67 [gnoll/+0 spear[a gnoll bouda] (2)]
  3416 | D:5      | Slain by a gnoll

Illustrated notes

Levels and vault maps discovered:
D:1:      spicycebolla_arrival_xxxplode, layout_basic, serial_shops,
          nicolae_shop_crystal, shop_statue, shop, shop, minmay_pentomino_o4
D:2:      layout_rooms, basic_altar, grunt_ministairs_12
D:3:      layout_loops_cross, mainiacjoe_overflow_surrounded_room,
          mainiacjoe_overflow_small_starburst
D:4:      layout_layer_cave, grunt_temple_overflow_bloody_war,
          mainiacjoe_overflow_catch_the_wave, minmay_close_crescents
D:5:      layout_rooms, overflow_temple_1_default, temple_doors_ab,
          cheibrodos_sewer_entry_drain, kennysheep_generic_room_11, uniq_pikel

Skill      XL: |  1  2  3  4  5  6 |
---------------+-------------------+-----
Unarmed Combat | 3 4 5 6 |  6.1
Fighting       | 3 |  3.3
Dodging        | 3 |  3.5
Stealth        | |  0.8
Shields        | |  2.6

Action                     |  1- 3 |  4- 6 |  7- 9 || total
---------------------------+-------+-------+-------++-------
  Melee: Unarmed           |   141 |   158 |     5 ||   304
         Punch             |     2 |     4 |       ||     6
    Use: Potion            |       |     1 |       ||     1
   Stab: Sleeping          |       |     2 |       ||     2
 Armour: Robe              |    47 |    59 |     1 ||   107
  Dodge: Dodged            |    79 |    97 |     4 ||   180
